 Dungeon Crawl Stone Soup version 0.31-a0-117-g42d8f58691 (webtiles) character file.

Game seed: 721562628277298459

12950 senseless the Thaumaturge (level 11, -1/57 HPs)
             Began as a Deep Elf Conjurer on May 30, 2023.
             Was a Follower of Vehumet.
             Hit by a silver javelin thrown by a minotaur (22 damage)
             ... in a Gauntlet.
             The game lasted 00:58:02 (13168 turns).

senseless the Thaumaturge (Deep Elf Conjurer)      Turns: 13168, Time: 00:58:03

Health: -1/57      AC: 14    Str:  4    XL:     11   Next: 69%
Magic:  22/30      EV: 16    Int: 28    God:    Vehumet [*.....]
Gold:   771        SH:  0    Dex: 13    Spells: 9/36 levels left

rFire   + . .        u - +2 dagger (venom)
rCold   . . .        (no shield)
rNeg    . . .        y - +0 steam dragon scales
rPois   +            C - +1 helmet of Narcissism {+Inv rPois rF+}
rElec   .            i - +2 cloak
rCorr   .            (no gloves)
SInv    .            (no boots)
Will    +....        p - amulet of faith
Stlth   ++           m - +4 ring of protection
HPRegen 0.29/turn    G - ring of Erokishru {Fly rPois}
MPRegen 0.22/turn

%: no teleportation, faith
@: freezing walls, immotile, flying
A: no striking features
a: Renounce Religion, Evoke Invisibility


You were in a Gauntlet.
You worshipped Vehumet.
Vehumet was aware of your devotion.
You visited 2 branches of the dungeon, and saw 12 of its levels.
You also visited: Ossuary and Gauntlet.

You collected 771 gold pieces.

Inventory:

Hand Weapons
 f - a +1 short sword of freezing
 u - a +2 dagger of venom (weapon)
 E - the +2 sling of Kyistra {flame, rElec rC- rN+++ Dex+3}
   (You took it off a kobold on level 6 of the Dungeon)

   Dex:       It affects your dexterity (+3).
   rC:        It makes you vulnerable to cold.
   rElec:     It insulates you from electricity.
   rN:        It renders you almost immune to negative energy.
 F - a +2 shortbow of flaming
 I - the +10 dark maul {heavy}
   (You found it on level 8 of the Dungeon)
Armour
 i - a +2 cloak (worn)
 y - +0 steam dragon scales (worn)
 C - the +1 helmet of Narcissism (worn) {+Inv rPois rF+}
   (You found it on level 6 of the Dungeon)

   rF:        It protects you from fire.
   rPois:     It protects you from poison.
   +Inv:      It lets you turn invisible.
 D - +0 swamp dragon scales
 L - the +6 chain mail of Kiracon {Rampage rElec Str-4}
   (You took it off a goblin on level 5 of the Dungeon)

   Str:       It affects your strength (-4).
   rElec:     It insulates you from electricity.
   Rampage:   It bestows one free step when moving towards enemies.
Jewellery
 g - a +6 ring of strength
 h - a ring of wizardry
 m - a +4 ring of protection (left hand)
 o - the ring "Dask" {rC++ rCorr}
   (You found it in a Gauntlet)

   [ring of resist corrosion]

   rC:        It greatly protects you from cold.
   rCorr:     It protects you from acid and corrosion.
 p - an amulet of faith (around neck)
 B - a +6 ring of strength
 G - the ring of Erokishru (right hand) {Fly rPois}
   (You found it in a Gauntlet)

   [ring of flight]

   rPois:     It protects you from poison.
   Fly:       It grants you flight.
 H - a +6 ring of strength
 K - a ring of resist corrosion
 M - an amulet of guardian spirit
Wands
 a - a wand of flame (25)
 v - a wand of digging (8)
 J - a wand of mindburst (8)
 N - a wand of light (3)
Scrolls
 d - 2 scrolls of teleportation
 k - 3 scrolls of blinking
 n - 3 scrolls of fear
 w - 3 scrolls of amnesia
Potions
 b - 4 potions of magic
 c - 4 potions of curing
 e - 2 potions of mutation
 j - 3 potions of enlightenment
 l - 3 potions of cancellation
 q - 2 potions of brilliance
 r - 2 potions of resistance
 s - a potion of ambrosia
 t - 4 potions of lignification
 x - a potion of attraction
 z - 4 potions of haste
 A - a potion of invisibility {unknown}


   Skills:
 + Level 1.9 Fighting
 + Level 2.2 Short Blades
 + Level 10.3 Dodging
 - Level 2.4 Stealth
 * Level 13.4 Spellcasting
 * Level 11.9 Conjurations
 + Level 7.9 Hexes
 + Level 6.3 Translocations


You had 9 spell levels left.
You knew the following spells:

 Your Spells              Type           Power      Damage    Failure   Level
a - Magic Dart            Conj           100%       1d8       1%          1
b - Searing Ray           Conj           100%       2d8       1%          2
c - Momentum Strike       Conj/Tloc      100%       3d10      1%          2
d - Dazzling Flash        Conj/Hex       100%       N/A       1%          3
e - Fulminant Prism       Conj/Hex       32%        3d16      1%          4
f - Iskenderun's Mystic   Conj/Tloc      63%        2d13      1%          4
g - Tukima's Dance        Hex            59%        N/A       1%          3
h - Blink                 Tloc           100%       N/A       1%          2
i - Hailstorm             Conj/Ice       51%        3d11      1%          3
j - Frozen Ramparts       Ice            36%        1d6       9%          3

Your spell library contained the following spells:

 Spells                   Type           Power      Damage    Failure   Level
 Foxfire                  Conj/Fire      100%       2x1d9     1%          1
 Lesser Beckoning         Tloc           100%       N/A       1%          2
 Portal Projectile        Hex/Tloc       100%       N/A       1%          3
 Freeze                   Ice            72%        1d8       2%          1
 Ozocubu's Armour         Ice            18%        N/A       9%          3
 Metabolic Englaciation   Hex/Ice        20%        N/A       16%         5
 Blade Hands              Tmut           9%         N/A       61%         5
 Simulacrum               Ice/Necr       9%         N/A       99%         6


Dungeon Overview and Level Annotations

Branches:
Dungeon (11/15)            Temple (1/1) D:7            Lair (0/5) D:8
    Orc (0/2) D:9         Ossuary (visited)         Gauntlet (1/1)

Altars:
Ashenzari
Cheibriados
Dithmenos
Elyvilon
Fedhas
Gozag
Hepliaklqana
Kikubaaqudgha
Makhleb
Nemelex Xobeh
Okawaru
Qazlal
Ru
Sif Muna
Trog
Uskayaw
Vehumet
Wu Jian
Xom
Yredelemnul
Zin
The Shining One

Annotations:
Gauntlet 21 runed translucent doors, 10 transporters


Message History

Found a helmet.
Found a gate leading back out of this place.
Casting: Searing Ray (safe; 1% risk of failure)
Confirm with . or Enter, or press ? or * to list all spells.
Casting: Frozen Ramparts (dangerous; 9% risk of failure)
Press: ? - help, Dir - look around, f - activate The walls around you are covered in ice.
The wall freezes the minotaur but does no damage.
The minotaur throws a silver javelin.
The silver javelin barely misses you.
Casting: Frozen Ramparts (dangerous; 9% risk of failure)
Confirm with . or Enter, or press ? or * to list all spells.
Aiming: Momentum Strike (safe; 1% risk of failure)
Press: ? - help, Dir - move target, f - minotaur
Aim: a minotaur, wielding a +0 short sword, wearing a +0 chain mail and quivering silver javelins (87% to hit)
The concentrated momentum hits the minotaur!!
The minotaur is moderately wounded.
You are unable to move.
The wall freezes the minotaur but does no damage.
The minotaur throws a silver javelin.
The silver javelin pierces through you!!
Ouch! That really hurt!
Casting: Momentum Strike (safe; 1% risk of failure)
Confirm with . or Enter, or press ? or * to list all spells.
Aiming: Searing Ray (safe; 1% risk of failure)
Press: ? - help, Shift-Dir - straight line, f/p - minotaur
Aim: a minotaur, wielding a +0 short sword, wearing a +0 chain mail and quivering silver javelins (moderately wounded, 90% to hit)
The searing ray hits the minotaur!
The minotaur is moderately wounded. (Press . to maintain the ray.)
The wall freezes the minotaur but does no damage.
The searing ray hits the minotaur.
The minotaur is moderately wounded.
The wall freezes the minotaur!
The minotaur throws a silver javelin.
The silver javelin barely misses you.
The searing ray hits the minotaur.
The minotaur is heavily wounded.
The wall freezes the minotaur but does no damage.
The minotaur throws a silver javelin.
The silver javelin pierces through you!!
You die...

##########.#########.##########
#8# #≈...............≈# #8# ###
#8.8.8.8.8.8.8.8.8# ###
#≈...............≈#
#####.###.###.#####
###.###.###.# #............
#.###.###.###.# #......@......#
#######'####### #H# ∩.. ..⌠
⌠...# ..⌠.# ###+##


You could see a minotaur.

Vanquished Creatures
  Erolcha (D:11)
  5 two-headed ogres (D:8)
  A tengu warrior (Gauntlet)
  A fire crab (Gauntlet)
  A moth of wrath (Gauntlet)
  An unseen horror (D:10)
  Maggie (D:6)
  A tengu conjurer (Gauntlet)
  A troll (D:10)
  A hornet (D:8)
  4 yaks (D:9)
  3 fire bats (Gauntlet)
  3 steam dragons
  An acid dragon (D:9)
  2 hell hounds (Gauntlet)
  2 ice beasts
  An orc warrior (D:8)
  5 wolves (Gauntlet)
  8 centaurs
  6 kobold brigands
  A phantom (D:4)
  3 bullfrogs (D:8)
  A gnoll sergeant (D:7)
  6 scorpions
  5 water moccasin zombies (Ossuary)
  5 wights (D:8)
  12 killer bees
  A howler monkey (D:10)
  4 orc priests
  2 gnoll boudas
  2 jellies
  2 sleepcaps
  3 iguanas
  6 orc wizards
  2 mummies (Ossuary)
  14 gnolls
  6 adders
  A shadow imp (D:8)
  A white imp (D:6)
  2 ufetubi
  A worm zombie (D:6)
  2 adder zombies (Ossuary)
  3 worms
  5 dart slugs
  16 orcs
  5 ball pythons
  3 endoplasms
  2 giant cockroaches
  4 gnoll zombies (Ossuary)
  32 goblins
  26 hobgoblins
  8 jackals
  2 quokkas
  6 bats
  4 frilled lizards
  3 hobgoblin zombies (Ossuary)
  A jackal zombie (D:6)
  38 kobolds
  5 kobold zombies (Ossuary)
  7 orc zombies (Ossuary)
  3 rats (D:3)
304 creatures vanquished.

Vanquished Creatures (collateral kills)
  A two-headed ogre (D:8)
1 creature vanquished.

Vanquished Creatures (others)
  3 dancing weapons (D:8)
  6 fulminant prisms
9 creatures vanquished.

Grand Total: 314 creatures vanquished

Notes
Turn   | Place    | Note
-------+----------+-------------------------------------------
     0 | D:1      | senseless the Deep Elf Conjurer began the quest for the
                  | Orb.
     0 | D:1      | Reached XP level 1. HP: 10/10 MP: 6/6
   203 | D:1      | Reached XP level 2. HP: 15/15 MP: 6/8
   531 | D:1      | Learned a level 2 spell: Searing Ray
   932 | D:2      | Reached XP level 3. HP: 19/19 MP: 8/10
  1447 | D:3      | Reached skill level 4 in Spellcasting
  1656 | D:3      | Reached skill level 5 in Conjurations
  1708 | D:3      | Reached XP level 4. HP: 24/24 MP: 9/12
  1730 | D:3      | Found a stormy altar of Qazlal.
  1852 | D:3      | Found a faded altar of an unknown god.
  2469 | D:4      | Found a hide-covered altar of Uskayaw.
  2523 | D:4      | Reached XP level 5. HP: 28/28 MP: 2/14
  2526 | D:4      | Learned a level 2 spell: Momentum Strike
  2660 | D:4      | Noticed a phantom
  2666 | D:4      | Killed a phantom
  2667 | D:4      | Reached skill level 5 in Spellcasting
  2764 | D:4      | Reached XP level 6. HP: 32/32 MP: 11/16
  2921 | D:4      | Reached skill level 5 in Dodging
  3284 | D:4      | Reached skill level 6 in Spellcasting
  3579 | D:5      | Entered Level 5 of the Dungeon
  3583 | D:5      | Reached XP level 7. HP: 36/36 MP: 12/18
  3881 | D:5      | Reached skill level 7 in Spellcasting
  4649 | D:5      | Reached XP level 8. HP: 41/41 MP: 17/21
  4900 | D:5      | Found an iron altar of Okawaru.
  4900 | D:5      | Found a burning altar of Makhleb.
  4906 | D:5      | Found a faded altar of an unknown god.
  4908 | D:5      | Found a sparkling altar of Nemelex Xobeh.
  4910 | D:5      | Found a faded altar of an unknown god.
  5104 | D:5      | Identified the +6 chain mail of Kiracon {Rampage rElec
                  | Str-4}
  5495 | D:5      | Learned a level 3 spell: Dazzling Flash
  5500 | D:5      | Learned a level 4 spell: Fulminant Prism
  5505 | D:5      | Learned a level 4 spell: Iskenderun's Mystic Blast
  5509 | D:5      | Learned a level 3 spell: Tukima's Dance
  5626 | D:6      | Reached skill level 8 in Spellcasting
  5694 | D:6      | Reached skill level 1 in Hexes
  5694 | D:6      | Reached skill level 1 in Translocations
  5725 | D:6      | Found a sand-covered staircase.
  5804 | D:6      | Identified the +1 helmet of Narcissism {+Inv rPois rF+}
  5831 | Ossuary  | Entered an ossuary
  6398 | D:6      | Reached skill level 9 in Spellcasting
  6472 | D:6      | Noticed Maggie
  6483 | D:6      | Killed Maggie
  6484 | D:6      | Reached XP level 9. HP: 25/45 MP: 10/24
  6793 | D:6      | Identified the +2 sling of Kyistra {flame, rElec rC- rN+++
                  | Dex+3}
  6997 | D:7      | Learned a level 2 spell: Blink
  7528 | D:7      | Found a staircase to the Ecumenical Temple.
  7537 | Temple   | Entered the Ecumenical Temple
  8013 | D:7      | Found an ornate altar of the Wu Jian Council.
  8083 | D:8      | Reached skill level 10 in Spellcasting
  8489 | D:8      | Noticed a two-headed ogre
  8499 | D:8      | Killed a two-headed ogre
  8500 | D:8      | Reached skill level 5 in Hexes
  8500 | D:8      | Reached XP level 10. HP: 16/50 MP: 11/26
  8865 | D:8      | Noticed a two-headed ogre
  8875 | D:8      | Killed a two-headed ogre
  8876 | D:8      | Reached skill level 11 in Spellcasting
  8876 | D:8      | Reached skill level 10 in Conjurations
  8943 | D:8      | Noticed a two-headed ogre
  8946 | D:8      | Noticed a two-headed ogre
  9170 | D:8      | Noticed a two-headed ogre
  9180 | D:8      | Killed a two-headed ogre
  9243 | D:8      | Killed a two-headed ogre
  9244 | D:8      | Reached skill level 5 in Translocations
  9246 | D:8      | Killed a two-headed ogre
  9247 | D:8      | Reached skill level 12 in Spellcasting
  9254 | D:8      | Noticed a two-headed ogre
  9259 | D:8      | Killed a two-headed ogre
  9542 | D:8      | Learned a level 3 spell: Hailstorm
  9673 | D:8      | Found a staircase to the Lair.
 10086 | D:9      | Found a staircase to the Orcish Mines.
 10096 | D:9      | Reached XP level 11. HP: 54/54 MP: 26/29
 10265 | D:9      | Found a blossoming altar of Fedhas.
 10777 | D:9      | Found a sacrificial altar of Ru.
 10778 | D:9      | Found a shimmering blue altar of Sif Muna.
 10785 | D:9      | Found a radiant altar of Vehumet.
 10785 | D:9      | Found a white marble altar of Elyvilon.
 10786 | D:9      | Found a hazy altar of Hepliaklqana.
 10788 | D:9      | Found a basalt altar of Yredelemnul.
 10793 | D:9      | Became a worshipper of Vehumet
 11117 | D:5      | Lost strength.
 11233 | D:10     | Entered Level 10 of the Dungeon
 11349 | D:10     | Found a shadowy altar of Dithmenos.
 12248 | D:11     | Noticed Erolcha
 12264 | D:11     | Killed Erolcha
 12265 | D:11     | Reached skill level 1 in Fighting
 12265 | D:11     | Reached skill level 1 in Short Blades
 12265 | D:11     | Reached skill level 10 in Dodging
 12365 | D:11     | Found a gate leading to a gauntlet.
 12407 | Gauntlet | Entered a Gauntlet
 12407 | Gauntlet | Found a large runed translucent door.
 12407 | Gauntlet | Found a large runed translucent door.
 12407 | Gauntlet | Found a large runed translucent door.
 12407 | Gauntlet | Found a large runed translucent door.
 12407 | Gauntlet | Found a large runed translucent door.
 12407 | Gauntlet | Found a large runed translucent door.
 12407 | Gauntlet | Found a runed translucent door.
 12407 | Gauntlet | Found a transporter.
 12407 | Gauntlet | Found a transporter.
 12407 | Gauntlet | Found a runed translucent door.
 12407 | Gauntlet | Found a large runed translucent door.
 12407 | Gauntlet | Found a large runed translucent door.
 12407 | Gauntlet | Found a large runed translucent door.
 12407 | Gauntlet | Found a large runed translucent door.
 12407 | Gauntlet | Found a large runed translucent door.
 12407 | Gauntlet | Found a large runed translucent door.
 12412 | Gauntlet | Found a transporter.
 12427 | Gauntlet | Found a transporter.
 12430 | Gauntlet | Noticed a tengu warrior
 12441 | Gauntlet | Found a transporter.
 12454 | Gauntlet | Found a transporter.
 12464 | Gauntlet | Noticed a fire crab
 12533 | Gauntlet | Found a large runed translucent door.
 12533 | Gauntlet | Found a large runed translucent door.
 12534 | Gauntlet | Found a runed translucent gate.
 12534 | Gauntlet | Found a runed translucent gate.
 12534 | Gauntlet | Found a runed translucent gate.
 12536 | Gauntlet | Found a transporter.
 12546 | Gauntlet | Found a large runed translucent door.
 12547 | Gauntlet | Found a large runed translucent door.
 12551 | Gauntlet | Found a transporter.
 12565 | Gauntlet | Found a transporter.
 12578 | Gauntlet | Found a transporter.
 12582 | Gauntlet | Noticed a thrashing horror
 12593 | Gauntlet | Noticed a thrashing horror
 12594 | Gauntlet | Found a transporter.
 12661 | Gauntlet | Found a transporter.
 12676 | Gauntlet | Found a transporter.
 12681 | Gauntlet | Found a transporter.
 12705 | Gauntlet | Found a transporter.
 12715 | Gauntlet | Found a transporter.
 12740 | Gauntlet | Reached skill level 13 in Spellcasting
 12822 | Gauntlet | Identified the ring of Erokishru {Fly rPois}
 12861 | Gauntlet | Reached * piety under Vehumet
 12861 | Gauntlet | Offered knowledge of Foxfire by Vehumet.
 12869 | Gauntlet | Killed a tengu warrior
 12974 | Gauntlet | Learned a level 3 spell: Frozen Ramparts
 13002 | Gauntlet | Killed a fire crab
 13137 | Gauntlet | Identified the ring "Dask" {rC++ rCorr}
 13163 | Gauntlet | Noticed a minotaur
 13168 | Gauntlet | Hit by a silver javelin thrown by a minotaur

Illustrated notes

Levels and vault maps discovered:
D:1:      heliophobic_arrival_battle_scene, layout_basic,
          minmay_misc_feat_diagonals
D:2:      layout_basic, grunt_decor_cap, amcnicky_mini_rare_corridor_liquid,
          st_stairs_2
D:3:      layout_loops_corners, mainiacjoe_overflow_cross_hatched,
          ebering_ecumenical_altar_rust
D:4:      layout_rooms, lemuel_tele_altar, grunt_ministairs_10
D:5:      minmay_goblin_kobold_castle, layout_rooms,
          chequers_temple_overflow_minitemple
D:6:      layout_rooms, enter_ossuary_3, uniq_maggie
D:7:      layout_loops_ring, mainiacjoe_overflow_surrounded_room,
          minmay_temple_entry_statues_pillars
D:8:      layout_loops_ring, lair_entry_dummy, grunt_ministairs_15,
          hellmonk_guarded_unrand_dark_maul
D:9:      layout_roguey, fedhas_ov_isle_minmay, minitemple
D:10:     layout_gridville, nicolae_dithmenos_the_darkroom, minivault_24
D:11:     layout_layer_cave, gauntlet_entry_generic, uniq_erolcha
Temple:   hellmonk_temple_forest_ring
Gauntlet: gammafunk_gauntlet_branching [gammafunk_gauntlet_arena_mazey,
          minmay_gauntlet_arena_make_your_own_arena,
          nicolae_gauntlet_arena_flowing_pool,
          gammafunk_gauntlet_arena_split_diamond,
          gammafunk_gauntlet_arena_chambers, nicolae_gauntlet_arena_quarters,
          nicolae_gauntlet_swirl, gammafunk_gauntlet_arena_grid,
          gauntlet_exit_hidden_loot]

Skill      XL: |  1  2  3  4  5  6  7  8  9 10 11 |
---------------+----------------------------------+-----
Dodging        | 3 4 5 6 7 8 9 10 | 10.3
Spellcasting   | 4 5 6 7 9 10 12 13 | 13.4
Conjurations   | 5 6 7 8 9 11 | 11.9
Hexes          | 3 5 6 7 |  7.9
Translocations | 2 4 5 6 |  6.3
Fighting       | 1 |  1.9
Short Blades   | 2 |  2.2
Stealth        | |  2.4

Action                     |  1- 3 |  4- 6 |  7- 9 | 10-12 || total
---------------------------+-------+-------+-------+-------++-------
  Melee: Unarmed           |    21 |       |       |       ||    21
         Short sword       |       |     1 |       |       ||     1
         Dagger            |       |       |     9 |    59 ||    68
         Punch             |       |       |     1 |       ||     1
   Cast: Magic Dart        |    71 |    89 |   222 |    45 ||   427
         Searing Ray       |       |     7 |    39 |    38 ||    84
         Momentum Strike   |       |     4 |    25 |    14 ||    43
         Fulminant Prism   |       |       |     1 |     5 ||     6
         Tukima's Dance    |       |       |     1 |    12 ||    13
         Dazzling Flash    |       |       |       |     2 ||     2
         Blink             |       |       |       |     2 ||     2
         Iskenderun's Myst |       |       |       |     1 ||     1
         Frozen Ramparts   |       |       |       |     1 ||     1
    Use: Scroll            |     6 |     7 |     9 |     5 ||    27
         Potion            |       |       |       |     2 ||     2
   Stab: Sleeping          |       |       |     4 |     2 ||     6
         Invisible         |       |       |       |     1 ||     1
 Armour: Robe              |     8 |     2 |     6 |       ||    16
         Steam dragon scal |       |       |    22 |    75 ||    97
  Dodge: Dodged            |    22 |     4 |    71 |   149 ||   246

Table legend: (Time is in decaauts)
 A = Elapsed time spent in this place.
 B = Non-inter-level travel time spent in this place.
 C = Inter-level travel time spent in this place.
 D = Time resting spent in this place.
 E = Time spent auto-exploring this place.
 F = Levels seen in this place.
 G = Mean time per level.
                   A        B        C        D        E       F      G
               +--------+--------+--------+--------+--------+-----+--------+
         Total |  13197 |  12634 |    563 |    688 |  10200 |  14 |  942.6 |
       Dungeon |  11713 |  11167 |    546 |    613 |   9056 |  11 | 1064.8 |
        Temple |    158 |    141 |     17 |      0 |    132 |   1 |  158.0 |
       Ossuary |    555 |    555 |      0 |     72 |    406 |   1 |  555.0 |
      Gauntlet |    769 |    769 |      0 |      2 |    606 |   1 |  769.0 |
               +--------+--------+--------+--------+--------+-----+--------+

Top non-repeatable levels by time:
     D:5: 1991 daAuts
     D:8: 1974 daAuts
     D:3: 1130 daAuts
     D:4: 1065 daAuts
     D:7: 1062 daAuts
     D:9: 1047 daAuts
     D:6: 939 daAuts
    D:10: 860 daAuts
     D:1: 798 daAuts
Gauntlet: 769 daAuts
     D:2: 583 daAuts
 Ossuary: 555 daAuts
    D:11: 259 daAuts
  Temple: 158 daAuts
